 Dungeon Crawl Stone Soup version 0.26-a0-572-g753d7e3450 (webtiles) character file.

Game seed: 17399875517018199788

14 Minion the Sneak (level 2, -6/19 HPs)
             Began as a Kobold Delver on Aug 21, 2020.
             Mangled by an ice beast (14 damage)
             ... on level 5 of the Dungeon.
             The game lasted 00:00:39 (339 turns).

Minion the Sneak (Kobold Delver)                     Turns: 339, Time: 00:00:40

Health: -6/19      AC:  3    Str:  9    XL:     2   Next: 60%
Magic:  2/2        EV: 14    Int: 11    God:
Gold:   74         SH:  0    Dex: 16    Spells: 1/1 levels left

rFire    . . .     SeeInvis .   a - +0 short sword
rCold    . . .     Faith    .   (shield restricted)
rNeg     . . .     Spirit   .   b - +0 leather armour
rPois    .         Reflect  .   (no helmet)
rElec    .         Harm     .   (no cloak)
rCorr    .                      (no gloves)
MR       .....                  (no boots)
Stlth    ++++......             (no amulet)
HPRegen  0.06/turn              (no ring)
MPRegen  0.08/turn              (no ring)

@: no status effects
A: small, nightstalker 3
a: no special abilities


You were on level 5 of the Dungeon.
You visited 1 branch of the dungeon, and saw 1 of its levels.

You collected 74 gold pieces.

Inventory:

Hand Weapons
 a - a +0 short sword (weapon)
Armour
 b - a +0 leather armour (worn)
Wands
 g - a wand of digging (3)
Scrolls
 c - a scroll of fog
 d - a scroll of magic mapping
 e - a scroll of fear
 h - a scroll of teleportation {unknown}
 i - a scroll of blinking {unknown}
Potions
 f - a potion of haste


   Skills:
 + Level 3.4 Fighting
 + Level 2.7 Short Blades
 + Level 2.4 Dodging
 + Level 7.2 Stealth


You had one spell level left.
You didn't know any spells.
Your spell library was empty.

Dungeon Overview and Level Annotations

Branches:
Dungeon (5/15)
 Temple: D:4-7

Altars:


Innate Abilities, Weirdness & Mutations

You are small and have problems with some larger weapons.
You are completely attuned to the shadows.


Message History

The leopard gecko hisses angrily.
The leopard gecko barely misses you.
You hit the leopard gecko.
You kill the leopard gecko!
No target in view!
You now have 56 gold pieces (gained 11).
Found a stone staircase leading down.
You now have 74 gold pieces (gained 18).
There is a stone staircase leading down here.
Found a flail.
An ice beast comes into view.
The ice beast hits you. The ice beast freezes you!
You are too injured to fight recklessly!
You are too injured to fight recklessly!
You are too injured to fight recklessly!
You hit the ice beast.
The ice beast is lightly wounded.
The ice beast hits you. The ice beast freezes you!
Ouch! That really hurt!
You die...

#.# #### #.# #####
.... ##.## #.... ###.
##...## #.###
##.....## #.##.
######.......####.##.
..........)..........
..#.###...######....
####@###..## #####
....Y...... #####.##.
#.# #.. #.## #.#


You could see an ice beast.

Vanquished Creatures
  An ooze (D:5)
  An adder zombie (D:5)
  An adder skeleton (D:5)
  A leopard gecko (D:5)
4 creatures vanquished.

Notes
Turn   | Place    | Note
-------+----------+-------------------------------------------
     0 | D:5      | Minion the Kobold Delver began the quest for the Orb.
     0 | D:5      | Reached XP level 1. HP: 14/14 MP: 1/1
    94 | D:5      | Reached skill level 7 in Stealth
    94 | D:5      | Reached XP level 2. HP: 19/19 MP: 2/2
   334 | D:5      | Noticed an ice beast
   339 | D:5      | Mangled by an ice beast

Illustrated notes

Levels and vault maps discovered:
D:5:      layout_loops_cross

Skill      XL: |  1 |
---------------+----+-----
Stealth        | 7 |  7.2
Fighting       | |  3.4
Short Blades   | |  2.7
Dodging        | |  2.4

Action                   || total
-------------------------++-------
Melee: Short sword       ||    18
 Stab: Sleeping          ||     2
Armor: Leather armour    ||     3
Dodge: Dodged            ||    10

Table legend: (Time is in decaauts)
 A = Elapsed time spent in this place.
 B = Non-inter-level travel time spent in this place.
 C = Inter-level travel time spent in this place.
 D = Time resting spent in this place.
 E = Time spent auto-exploring this place.
 F = Levels seen in this place.
 G = Mean time per level.
                   A        B        C        D        E       F      G
               +--------+--------+--------+--------+--------+-----+--------+
         Total |    338 |    338 |      0 |     99 |    206 |   1 |  338.0 |
       Dungeon |    338 |    338 |      0 |     99 |    206 |   1 |  338.0 |
               +--------+--------+--------+--------+--------+-----+--------+

Top non-repeatable levels by time:
     D:5: 338 daAuts
